Unix NetHack Version 5.0.0-0 post-release - last build May 22 2026 02:22:16 (99d1c3b6dc4b13757aaa5824b55bdea4e1e63757,branch:main).

Game began 2026-05-20 15:12:46, ended 2026-05-22 19:51:25.

Conradmonkey, lawful male dwarven Caveman

      ------------    #--------------------------------
      |..........|    #|...............*.....+....%...|
      |..........|    #|.------|---------.{.*-----.--.|
      |...>......|    #-.|.*/|..|....|+[|---.|(((|..|.|
      |..........|  ###|.-.[)|.{|... |%*|  +.|?.(|))|.|
      -------.----### #|.|--------|--|..|  |.|...|.(|.|
             ##########|.|....-......-|-----.--|----|.|
                  #   #|.|....|[-|--)..*......./.|..|.|              -----
                  #   #|.|._..|.|..|...[[{..-|--.-..|.|              |...|
                  #   #|.|....|.|.%|../.---||..|.----.|       #######-...|
                  #   #|.|-----.|%.|....|...|..|......|     ###      |...|
     --------- ####   #|.|...|..-------||...|--|......|##) ##########....|
     |........#########|.|...|.....|....|...|..|..%....[##)##        -----
     |.<.....| #       |.|...-.....|....|...|..|......|#
     |........##       |.----......-----------|-).....|#
     |.......|         |...................@@..d......|#
     ---------         --------------------------------#
                                        `###############

Conradmonkey the Wanderer  St:18 Dx:16 Co:20 In:7 Wi:6 Ch:7  Lawful
Dlvl:5  $:0  HP:0(76) Pw:13(13) AC:0  Xp:7 T:7920  Fainted  Deaf

Latest messages:
 You hit the rock mole!
 The rock mole misses!
 You faint from lack of food.
 The rock mole misses!
 The rock mole bites!
 The rock mole bites!
 The rock mole bites!
 The rock mole bites!
 You regain consciousness.
 You miss the rock mole.
 You can hear again.
 You feel foolish!
 You haven't been paying attention.
 You miss the rock mole.
 You miss the rock mole.
 You hit the rock mole!
 You miss the rock mole.
 The rock mole bites!
 You faint from lack of food.
 The rock mole bites!
 You regain consciousness.
 You miss the rock mole.
 The rock mole bites!
 Slasher drops a dart.
 You miss the rock mole.
 You miss the rock mole.
 The rock mole bites!
 You hit the rock mole!
 You kill the rock mole!
 Slasher picks up a dart.
 There is a rock mole corpse here; eat it? [ynq] (n) y
 This rock mole corpse is gamey.
 You stop eating the rock mole corpse.
 There is a partly eaten rock mole corpse here; eat it? [ynq] (n) y
 You resume your meal.
 Slasher drops a dart.
 You finish eating the rock mole corpse.
 You faint from lack of food.
 The watch captain swings her long sword.
 The watch captain hits!
 The watch captain swings her long sword.
 The watch captain hits again!
 The watch captain swings her long sword.
 The watch captain hits!
 You die...
 Do you want your possessions identified? [ynq] (y) y
 Do you want to see your attributes? [ynq] (y) y
 Do you want an account of creatures vanquished? [ynaq] (y) y
 Do you want to see your conduct and achievements? [ynq] (y) y
 Do you want to see the dungeon overview? [ynq] (y) y

Inventory:
 Weapons  (')')
  b - a +2 sling
  h - a +0 war hammer (weapon in right hand)
 Armor    ('[')
  l - an uncursed +0 helmet (being worn)
  j - an uncursed +0 pair of leather gloves (being worn)
  a - an uncursed +0 pair of high boots (being worn)
  c - an uncursed +0 small shield (being worn)
  e - a blessed +3 leather armor (being worn)
 Comestibles  ('%')
  n - an uncursed lembas wafer
 Tools    ('(')
  i - a cursed oil lamp

Conradmonkey the Caveman's attributes:

Background:
 You were a Wanderer, a level 7 dwarven Caveman.
 You were lawful, on a mission for Anu
 who was opposed by Ishtar (neutral) and Anshar (chaotic).
 You were right-handed.
 You were in the Gnomish Mines, on level 5.
 You entered the dungeon 7920 turns ago.
 You had 820 experience points, 460 more were needed to attain level 8.

Basics:
 You had 0 out of 76 hit points.
 You had all 13 energy points (spell power).
 Your armor class was 0.
 Your wallet was empty.
 Autopickup was off.

Final Characteristics:
 Your strength was 18 (base:18/01, limit:18/100).
 Your dexterity was 16 (limit:20).
 Your constitution was 20 (limit:20).
 Your intelligence was 7 (limit:16).
 Your wisdom was 6 (peak:7, limit:16).
 Your charisma was 7 (limit:16).

Final Status:
 You were deaf.
 You were fainted due to starvation.
 You were unencumbered.
 You were wielding a hammer.
 You had basic skill with hammer and could have enhanced that.

Final Attributes:
 You were piously aligned.
 You were poison resistant.
 You saw invisible.
 You had infravision.
 You were warded.
 You were fast.
 You were unlucky.
 You are dead.

Miscellaneous:
 You didn't encounter any bones levels.
 Total elapsed playing time was 1 hour, 39 minutes and 9 seconds.

Major events:
 Turn
    1: Conradmonkey the lawful dwarven Caveman entered the dungeon
 2189: attained the rank of Aborigine (level 3)
 4624: entered the Gnomish Mines
 6042: attained the rank of Wanderer (level 6)
 6261: reached Mine Town
 7920: killed by a watch captain, while fainted from lack of food

Spells:
 Name                 Level Category     Fail Retention
 cure sickness          3   healing      100%  76%-100%

Skills:
 Fighting Skills
   bare handed combat [Basic]
 Weapon Skills
   dagger             [Unskilled]
   knife              [Unskilled]
   axe                [Unskilled]
   pick-axe           [Unskilled]
   club               [Basic]
   mace               [Unskilled]
   morning star       [Unskilled]
   flail              [Unskilled]
   hammer             [Basic]
   quarterstaff       [Unskilled]
   polearms           [Unskilled]
   spear              [Unskilled]
   trident            [Unskilled]
   bow                [Unskilled]
   sling              [Basic]
   boomerang          [Unskilled]
   unicorn horn       [Unskilled]
 Spellcasting Skills
   attack spells      [Unskilled]
   matter spells      [Unskilled]

Voluntary challenges:
 Character rerolling was not enabled.
 You never genocided any monsters.
 You never polymorphed an object.
 You never changed form.
 You used no wishes.
Achievements:
 You attained the rank of Aborigine.
 You entered the Gnomish Mines.
 You attained the rank of Wanderer.
 You entered Minetown.
 You entered a shop.
 You entered a temple.

 The Dungeons of Doom: levels 1 to 3
    Level 1:
    Level 2:
       Stairs down to The Gnomish Mines.
    Level 3:
 The Gnomish Mines: levels 3 to 5
    Level 3:
    Level 4:
    Level 5: <- You were here.
       Many shops, a temple and an altar to Anu, some fountains, a sink.
       Final resting place for
          you, killed by a watch captain, while fainted from lack of food.


Vanquished creatures:
  4 watchmen
  a quivering blob
  a leprechaun
 an iron piercer
  2 dingoes
  a housecat
  a bugbear
  a mountain nymph
  a rock piercer
  a rock mole
  a shrieker
  2 violet fungi
  4 gnome leaders
  5 floating eyes
  2 dwarves
  2 homunculi
  a kobold leader
  7 rothes
  a rabid rat
  5 monkeys
  a dwarf zombie
  2 wererats
  3 iguanas
  3 acid blobs
  a coyote
  a gas spore
  3 hobbits
  2 large kobolds
 12 giant rats
  a cave spider
  a brown mold
  2 yellow molds
  a green mold
  3 red molds
 21 gnomes
  a gnome zombie
  6 geckos
 13 jackals
  a fox
  a kobold
  2 goblins
  3 sewer rats
  8 grid bugs
  9 lichens
  3 kobold zombies
 15 newts
163 creatures vanquished.

No species were genocided or became extinct.

Game over:
                       ----------
                      /          \
                     /    REST    \
                    /      IN      \
                   /     PEACE      \
                  /                  \
                  |   Conradmonkey   |
                  |       0 Au       |
                  |   killed by a    |
                  |  watch captain   |
                  |                  |
                  |                  |
                  |       2026       |
                 *|     *  *  *      | *
        _________)/\\_//(\/(/\)/\//\/|_)_______

Goodbye Conradmonkey the Caveman...

You died in The Gnomish Mines on dungeon level 5 with 3590 points,
and 0 pieces of gold, after 7920 moves.
You were level 7 with a maximum of 76 hit points when you died.

